 Dungeon Crawl Stone Soup version 0.28-a0-802-g09f76e8c00 (webtiles) character file.

Game seed: 6247010334799847928

64 iamoutofideas the Firebug (level 3, 0/24 HPs)
             Began as a Demonspawn Fire Elementalist on Nov 6, 2021.
             Succumbed to an adder's poison
             ... on level 1 of the Dungeon.
             The game lasted 00:04:00 (2224 turns).

iamoutofideas the Firebug (DsFE)                    Turns: 2224, Time: 00:04:01

Health: 0/24       AC:  3    Str:  8    XL:     3   Next: 91%
Magic:  0/6        EV: 12    Int: 17    God:
Gold:   46         SH:  0    Dex: 13    Spells: 1/7 levels left

rFire   . . .      SeeInvis .   (no weapon)
rCold   . . .      Faith    .   (no shield)
rNeg    . . .      Spirit   .   a - +0 robe
rPois   .          Reflect  .   (no helmet)
rElec   .          Harm     .   (no cloak)
rCorr   .          Rampage  .   d - +0 pair of gloves
Will    .....                   (no boots)
Stlth   ++........              (no amulet)
HPRegen 0.08/turn               (no ring)
MPRegen 0.10/turn               (no ring)

@: lethally poisoned (0 -> -6), weak-willed
A: hooves 1, powered by death 1
a: no special abilities


You were on level 1 of the Dungeon.
You visited 1 branch of the dungeon, and saw 2 of its levels.

You collected 46 gold pieces.

Inventory:

Missiles
 e - 6 atropa-tipped darts
Armour
 a - a +0 robe (worn)
 d - a +0 pair of gloves (worn)
Scrolls
 f - a scroll of identify {unknown}


   Skills:
 + Level 0.2 Fighting
 + Level 2.2 Dodging
 - Level 1.7 Stealth
 + Level 0.3 Unarmed Combat
 + Level 2.6 Spellcasting
 + Level 1.5 Conjurations
 + Level 3.4 Fire Magic


You had one spell level left.
You knew the following spells:

 Your Spells              Type           Power      Damage    Failure   Level
a - Foxfire               Conj/Fire      40%        2x1d6     7%          1
b - Scorch                Fire           28%        2d6       7%          2
c - Conjure Flame         Conj/Fire      10%        6-21      21%         3

Your spell library contained the following spells:

 Spells                   Type           Power      Damage    Failure   Level
 Inner Flame              Hex/Fire       8%         N/A       26%         3
 Flame Wave               Conj/Fire      10%        3d4       54%         4


Dungeon Overview and Level Annotations

Branches:
Dungeon (2/15)

Altars:


Innate Abilities, Weirdness & Mutations

You have large cloven feet.
You regenerate a little health from kills.


Message History

You feel sick.
The foxfire hits the adder.
The adder is lightly wounded.
The foxfire hits the adder.
The adder is heavily wounded.
You feel sick. The adder barely misses you. The adder bites you.
You are more poisoned.
The adder poisons you! The adder closely misses you.
You feel very sick.
You feel sick.
There is a stone staircase leading up here.
You feel sick. The adder closely misses you. The adder misses you.
You climb upwards.
You feel sick.
There is a stone staircase leading down here.
Unknown command.
It was a potion of curing.
You feel better. The adder bites you.
You are poisoned.
The adder poisons you!
Casting: Foxfire (safe; 7% risk of failure)
Confirm with . or Enter, or press ? or * to list all spells.
You conjure some foxfire!
You feel sick. The adder barely misses you.
You feel sick.
The foxfire hits the adder.
The adder is moderately wounded.
The foxfire hits the adder but does no damage.
The adder is moderately wounded.
The adder bites you.
* * * LOW HITPOINT WARNING * * *
You are lethally poisoned!
The adder poisons you!
Casting: Foxfire (safe; 7% risk of failure)
Confirm with . or Enter, or press ? or * to list all spells.
You conjure some foxfire!
* * * LOW HITPOINT WARNING * * *
You feel sick. The adder bites you but does no damage.
* * * LOW HITPOINT WARNING * * *
You feel sick.
The foxfire hits the adder.
The adder is heavily wounded.
You aren't carrying any potions.
As you read the scroll labelled VIYZAYTOPE, it crumbles to dust.
Magic quickly surges around you.
It was a scroll of vulnerability.
You die...

##### ....# ####### ###.#
#.....##### # #.# #.###......
# #.# #.# ####### # #.# #.# #
#.# ############ #.# # #.#
#......@ยง..###.######### #
#.# #.######S....(.##....... #
#.# #.# #v#>.#####...##### #
#.######.## ##.....###.....###
#
#.#.......###........#......(#
#
#.#..###.##....####..##....#.#
# #.#..# #.#....##
#...#...##.# #.#..# ###.<..##
##..##...#.# #.#..####......##
#...#...#.##


You could see an adder (weak-willed).

Vanquished Creatures
  3 adders
  A dart slug (D:1)
  3 endoplasms
  3 giant cockroaches (D:1)
  5 goblins
  6 hobgoblins
  3 quokkas (D:1)
  2 ball pythons (D:1)
  2 bats
  2 frilled lizards (D:2)
  A kobold (D:2)
  2 rats
33 creatures vanquished.

Vanquished Creatures (others)
  125 foxfires
125 creatures vanquished.

Grand Total: 158 creatures vanquished

Notes
Turn   | Place    | Note
-------+----------+-------------------------------------------
     0 | D:1      | iamoutofideas the Demonspawn Fire Elementalist began the
                  | quest for the Orb.
     0 | D:1      | Reached XP level 1. HP: 13/13 MP: 3/3
   142 | D:1      | Reached skill level 3 in Fire Magic
   142 | D:1      | Gained mutation: You regenerate a little health from kills.
                  | [demonic ancestry]
   142 | D:1      | Reached XP level 2. HP: 5/19 MP: 0/5
   380 | D:1      | Noticed a great orb of eyes
   382 | D:1      | Noticed a golden eye
   384 | D:1      | Found a faded altar of an unknown god.
   944 | D:1      | Noticed a great orb of eyes
   945 | D:1      | Noticed a floating eye
  1358 | D:1      | Learned a level 2 spell: Scorch
  1579 | D:2      | Gained mutation: You have large cloven feet. [demonic
                  | ancestry]
  1579 | D:2      | Reached XP level 3. HP: 22/24 MP: 3/6
  2094 | D:2      | Learned a level 3 spell: Conjure Flame
  2223 | D:1      | HP: 1/24 [poisoned by an adder]
  2224 | D:1      | Succumbed to an adder's poison

Illustrated notes

Levels and vault maps discovered:
D:1:      dpeg_arrival_arbitrary_b, layout_loops_ring,
          hellmonk_ecumenical_altar_watching_god
D:2:      layout_loops_ring, basic_altar

Skill      XL: |  1  2  3 |
---------------+----------+-----
Fire Magic     | 3 |  3.4
Dodging        | 2 |  2.2
Fighting       | |  0.2
Stealth        | |  1.7
Unarmed Combat | |  0.3
Spellcasting   | |  2.6
Conjurations   | |  1.5

Action                   || total
-------------------------++-------
Melee: Unarmed           ||    24
       Kick              ||     1
 Cast: Foxfire           ||    83
       Scorch            ||     1
  Use: Scroll            ||     1
       Potion            ||     1
Armor: Robe              ||    27
Dodge: Dodged            ||   119

Table legend: (Time is in decaauts)
 A = Elapsed time spent in this place.
 B = Non-inter-level travel time spent in this place.
 C = Inter-level travel time spent in this place.
 D = Time resting spent in this place.
 E = Time spent auto-exploring this place.
 F = Levels seen in this place.
 G = Mean time per level.
                   A        B        C        D        E       F      G
               +--------+--------+--------+--------+--------+-----+--------+
         Total |   2226 |   2182 |     44 |    679 |   1015 |   2 | 1113.0 |
       Dungeon |   2226 |   2182 |     44 |    679 |   1015 |   2 | 1113.0 |
               +--------+--------+--------+--------+--------+-----+--------+

Top non-repeatable levels by time:
     D:1: 1780 daAuts
     D:2: 445 daAuts
